 Dungeon Crawl Stone Soup version 0.31-a0-237-g2d982f9f85 (webtiles) character file.

Game seed: 788811218061375115

13 qw the Shooter (level 2, -1/23 HPs)
             Began as a Minotaur Hexslinger on July 11, 2023.
             Slain by a quokka (2 damage)
             ... on level 2 of the Dungeon.
             The game lasted 00:00:05 (184 turns).

qw the Shooter (Minotaur Hexslinger)                 Turns: 184, Time: 00:00:06

Health: -1/23      AC:  2    Str: 12    XL:     2   Next: 24%
Magic:  2/2        EV:  9    Int: 10    God:
Gold:   20         SH:  0    Dex: 12    Spells: 2/3 levels left

rFire   . . .        Y - +1 sling
rCold   . . .        (no shield)
rNeg    . . .        c - +0 robe
rPois   .            (helmet restricted)
rElec   .            (no cloak)
rCorr   .            (no gloves)
SInv    .            (no boots)
Will    .....        (no amulet)
Stlth   +            (no ring)
HPRegen 0.23/turn    (no ring)
MPRegen 0.08/turn

%: no passive effects
@: constricted
A: horns 2, retaliatory headbutt
a: no special abilities


You were on level 2 of the Dungeon.
You visited 1 branch of the dungeon, and saw 2 of its levels.

You collected 20 gold pieces.


Innate Abilities, Weirdness & Mutations

You have a pair of horns on your head.
You reflexively headbutt those who attack you in melee.


   Skills:
 + Level 1.6 Fighting
 - Level 3.1 Ranged Weapons
 - Level 2.1 Dodging
 - Level 1.0 Spellcasting
 - Level 2.0 Hexes


You had 2 spell levels left.
You knew the following spells:

 Your Spells              Type           Power      Damage    Failure   Level
a - Slow                  Hex            16%        N/A       16%         1

Your spell library contained the following spells:

 Spells                   Type           Power      Damage    Failure   Level
 Inner Flame              Hex/Fire       2%         N/A       56%         3
 Portal Projectile        Hex/Tloc       4%         N/A       56%         3
 Cause Fear               Hex            2%         N/A       83%         4

Inventory:

Hand Weapons
 Y - a +1 sling (weapon)
Armour
 c - a +0 robe (worn)
Scrolls
 b - a scroll of poison
 f - a scroll of vulnerability {unknown}
Potions
 d - a potion of mutation {unknown}

Dungeon Overview and Level Annotations

Branches:
Dungeon (1/15)

Altars:


Message History

Enter note: You shoot a sling bullet.
The sling bullet hits the quokka but does no damage.
The adder hisses angrily.
You shoot a sling bullet.
The sling bullet closely misses the adder.
You shoot a sling bullet.
The sling bullet closely misses the quokka.
The quokka closely misses you. The adder bites you.
You are poisoned.
The adder poisons you! The quokka misses you.
You shoot a sling bullet.
The sling bullet closely misses the adder.
You feel sick. The adder closely misses you.
The ball python bites you but does no damage.
The ball python misses you. The quokka bites you. The adder barely misses you.
You shoot a sling bullet.
The sling bullet closely misses the adder.
You feel sick.
The ball python bites you but does no damage.
The ball python grabs you. The ball python constricts you.
The quokka closely misses you. The adder bites you.
The ball python closely misses you. The ball python constricts you.
The quokka barely misses you. You furiously retaliate!
You headbutt the quokka. You shoot a sling bullet.
The sling bullet closely misses the ball python.
You feel sick.
You are no longer poisoned.
The adder bites you. The ball python barely misses you.
The ball python constricts you. The quokka bites you. The adder bites you.
You shoot a sling bullet.
The sling bullet barely misses the ball python.
The ball python barely misses you. The ball python constricts you.
The adder closely misses you.
The quokka bites you but does no damage.
The ball python barely misses you. The ball python constricts you.
You shoot a sling bullet.
The sling bullet completely misses the ball python.
The adder bites you. The quokka bites you.
You die...

.... .....
#####################......
........................[..
#####################......
# <.... ######### .... #
...##...## ... #
........@.# .. ###
.......SrS...... .
..#####.................
#..#..#............<....
##......................
####.#[.........#......
##..........#.#..#....
###..#.......... .......
................


You could see an adder, a quokka and a ball python.

Vanquished Creatures
  A dart slug (D:2)
  A ball python (D:2)
  2 bats (D:2)
  An endoplasm (D:2)
  A giant cockroach (D:2)
  2 goblins (D:2)
  A kobold (D:2)
  A rat (D:2)
10 creatures vanquished.

Notes
Turn   | Place    | Note
-------+----------+-------------------------------------------
     0 | D:1      | qw the Minotaur Hexslinger began the quest for the Orb.
     0 | D:1      | Reached XP level 1. HP: 16/16 MP: 1/1
     0 | D:1      | 0 ||| qw: Version: 0.3-a-52-g30416fa
     0 | D:1      | 0 ||| qw: Game counter: 5541
     0 | D:1      | 0 ||| qw: Melee chars always use a shield: true
     0 | D:1      | 0 ||| qw: God list: Okawaru
     0 | D:1      | 0 ||| qw: Allow faded altars: false
     0 | D:1      | 0 ||| qw: Do Orc after clearing Dungeon:15 true
     0 | D:1      | 0 ||| qw: Do second Lair branch before Depths: true
     0 | D:1      | 0 ||| qw: Lair rune preference: random
     0 | D:1      | 0 ||| qw: Goals: Normal
     0 | D:1      | 0 ||| PLANNING D:1-11
    53 | D:1      | You fall into a shaft and drop 1 floor!
    69 | D:2      | Reached skill level 3 in Ranged Weapons
    69 | D:2      | Reached XP level 2. HP: 18/23 MP: 2/2
   174 | D:2      | 174 ||| READING scroll labelled YNIEDD ULOA.
   182 | D:2      | HP: 3/23 [quokka (3)]
   184 | D:2      | HP: 1/23 [adder (1)]
   184 | D:2      | Slain by a quokka

Levels and vault maps discovered:
D:1:      dpeg_arrival_circle_labyrinth_a, layout_basic,
          minmay_worlds_worst_comb
D:2:      layout_rooms, minmay_indecisive_spiral

Skill      XL: |  1 |
---------------+----+-----
Ranged Weapons | 3 |  3.1
Fighting       | |  1.6
Dodging        | |  2.1
Spellcasting   | |  1.0
Hexes          | |  2.0

Action                     || total
---------------------------++-------
   Fire: Sling             ||    25
    Use: Scroll            ||     1
 Armour: Robe              ||     3
  Dodge: Dodged            ||    22

Table legend:
 A = Non-vault XP
 B = Vault XP
 C = Vault XP percentage of total XP
 D = Non-vault monster count
 E = Vault monster count
 F = Vault count percentage of total count
                 A         B        C        D         E       F
            +---------+---------+-------+---------+---------+-------
      Total |      12 |       7 |  36.8 |       6 |       4 |  40.0
            +---------+---------+-------+---------+---------+-------
        D:2 |      12 |       7 |  36.8 |       6 |       4 |  40.0
            +---------+---------+-------+---------+---------+-------
